[Event "*** Titled Tuesday Blitz"]
[Site "Chess.com"]
[Date "2021.02.02"]
[Round "6"]
[White "reniite"]
[Black "EfrenRamos1"]
[Result "1-0"]
[WhiteElo "2005"]
[BlackElo "2239"]
[TimeControl "180+1"]
[EndTime "11:09:33 PST"]
[Termination "reniite won on time"]

1. e4 d6 2. d4 Nf6 3. Nc3 Nbd7 4.
e5 dxe5 5. dxe5 Nxe5 6. Qxd8+ Kxd8 7. Bf4 Ng6 8. O-O-O+ Bd7 9. Bg3 c6 10. h4 h5 11. f4 e6 12. f5 exf5 13. Bc4 f4 14. Bf2 Ne5 15. Bb3 Bb4 16. Bd4 Nfg4 17. Ne4 Kc7 18. Nh3 f3 19. gxf3 Nxf3 20. Bxg7 Rhg8 21. Nf6 Nxf6 22. Bxf6 Be6 23. Bxe6 fxe6 24. Nf4 Rae8 25. Nxh5 Rg6 26. Rhf1 Nh2 27. Be5+ Kb6 28. Bxh2 Rh8 29. Bg1+ Ka6 30. Nf4 Rg4 31. Nxe6 b6 32. a3 Be7 33. Rf7 Bxh4 34. Nc7+ Ka5 35. b4+ Ka4 36. Kb2 a5 37.
bxa5 bxa5 38. Bd4 Rb8+ 39. Ka2 Rg3 40. Bb2 Bd8 41. Rf4+ Rb4 42. axb4 axb4 43. Ne6 Be7 44. Rd7 Bd6 45. Nd4 Ka5 46. Rxd6 Kb6 47. Rxc6+ Kb7 48. Rf7+ Kb8 49. Rh6 Rg8 50. Nc6+ Kc8 51. Ne7+ Kd8 52.
Nxg8 Ke8 53. Ra7 Kf8 54. Rb6 b3+ 55. Kxb3 1-0

[Event "*** Titled Tuesday Blitz"]
[Site "Chess.com"]
[Date "2021.02.02"]
[Round "6"]
[White "azikom"]
[Black "Man-Chuk"]
[Result "0-1"]
[WhiteElo "2661"]
[BlackElo "2917"]
[TimeControl "180+1"]
[EndTime "11:09:34 PST"]
[Termination "Man-Chuk won on time"]

1. d4 d5 2. Nf3 Nf6 3. Bf4 e6 4.
e3 c5 5. c3 Nc6 6. Nbd2 Be7 7.
h3 Bd6 8. Bxd6 Qxd6 9. Bb5 O-O 10. O-O Bd7 11. a4 Rfd8 12. Re1 b6 13. Bd3 e5 14. dxe5 Nxe5 15. Nxe5 Qxe5 16. Nf3 Qh5 17. Bb5 Be6 18. Be2 Qg6 19. Nh4 Qh6 20. Nf3 Ne4 21. a5 Bxh3 22.
gxh3 Rd6 23. Bf1 Rg6+ 24. Kh2 Nxf2 25. Qe2 Ng4+ 26. Kh1 Re8 27. axb6 axb6 28. Bg2 Rge6 29. Qb5 Nxe3 30. Re2 Kf8 31. Qd3 Nxg2 32. Rxg2 d4 33. Nh2 Re3 34. Qf5 Re1+ 35. Rxe1 Rxe1+ 36. Rg1 Qc6+ 37. Nf3 Re3 38. Rf1 dxc3 39. bxc3 g6 40. Qf4 Rxc3 41. Kg2 Qd5 42. Rf2 Kg7 43. Qg3 b5 44.
Qf4 b4 45. Kh2 b3 46. Ne5 Rc2 0-1

[Event "*** Titled Tuesday Blitz"]
[Site "Chess.com"]
[Date "2021.02.02"]
[Round "6"]
[White "Alexchess1984"]
[Black "TokChess"]
[Result "0-1"]
[WhiteElo "2672"]
[BlackElo "2493"]
[TimeControl "180+1"]
[EndTime "11:09:35 PST"]
[Termination "TokChess won by resignation"]

1. e4 c5 2. Nf3 e6 3. c3 Nf6 4.
e5 Nd5 5. Bc4 d6 6. d4 cxd4 7.
cxd4 Be7 8. O-O O-O 9. Re1 Nc6 10. exd6 Qxd6 11. Nc3 Nxc3 12. bxc3 b6 13. Ng5 Bxg5 14. Bxg5 Bb7 15. Qh5 Ne7 16. Bxe7 Qxe7 17. Bd3 g6 18. Qh6 Rac8 19. Rac1 Rfd8 20. h4 Qf6 21. Re5 Rd5 22.
Be4 Rxe5 23. dxe5 Qe7 24. Bxb7 Qxb7 25. Rd1 Qe7 26. Rd3 Rd8 27. Rf3 Rd5 28. Qf4 h5 29. c4 Rd7 30. a3 Qc5 31. g4 hxg4 32. Qxg4 Qd4 33. Qg5 Qe4 34. Kg2 Rd3 35. Qf4 Qxf4 36. Rxf4 Rxa3 37. Rd4 Rc3 38. f3 Kg7 39. Kg3 a5 40. Rd6 Rxc4 41. Rxb6 a4 42. Ra6 Rb4 43. f4 Kf8 44. Ra7 Ke8 45. Kg4 Rc4 46. Kg5 Rd4 47.
Ra8+ Ke7 48. Ra7+ Kf8 49. Ra8+ Kg7 50. Ra7 Rd1 51. Kg4 Rg1+ 52. Kf3 Rh1 53. Kg3 Rg1+ 54. Kf2 Rg4 55. Kf3 Rxh4 56. Rxa4 g5 57. Kg3 Rxf4 58. Rxf4 gxf4+ 59. Kxf4 Kh6 60. Kg4 Kg6 61. Kf4 Kh5 62. Ke4 Kg4 0-1

[Event "*** Titled Tuesday Blitz"]
[Site "Chess.com"]
[Date "2021.02.02"]
[Round "6"]
[White "J36225"]
[Black "kidagent"]
[Result "1-0"]
[WhiteElo "2437"]
[BlackElo "2275"]
[TimeControl "180+1"]
[EndTime "11:09:35 PST"]
[Termination "J36225 won on time"]

1. e4 c5 2. Nf3 d6 3. Bb5+ Nc6 4. O-O Bd7 5. Re1 g6 6. c3 Bg7 7. d4 cxd4 8. cxd4 Nf6 9. Nc3 O-O 10. h3 Rc8 11.
Bg5 a6 12. Ba4 b5 13. Bb3 Na5 14. Bc2 Nc4 15. Rb1 Nxb2 16. Rxb2 Rxc3 17. e5 dxe5 18. dxe5 Nh5 19. Bb3 Be6 20. Rd2 Qc8 21. Bxe7 Re8 22. Bxe6 Qxe6 23. Bf6 Bh6 24. Rd6 Qxa2 25. Rd8 Rc8 26.
Rxc8 Rxc8 27. Qd7 Qe6 28. Qxe6 fxe6 29. Bg5 Bxg5 30. Nxg5 Ng7 31. Rd1 h6 32. Ne4 Rc7 33. Rd8+ Kf7 34. Ra8 g5 35. Rxa6 Rc1+ 36. Kh2 Re1 37.
f3 Kg6 38. g4 b4 39. Rb6 Rb1 40. Nc5 Kf7 41. Rb7+ Kg6 42. Nd7 h5 43. Nf8+ Kh6 44. Nxe6 Nxe6 45. Rb6 hxg4 46. Rxe6+ Kg7 47. hxg4 Re1 48.
Rb6 b3 49. Rxb3 Rxe5 50. Kg2 Kg6 51. Kf2 Re6 52. Rb4 Kf6 53. Re4 Ra6 54. Rd4 Ra3 55. Ke2 1-0

[Event "*** Titled Tuesday Blitz"]
[Site "Chess.com"]
[Date "2021.02.02"]
[Round "6"]
[White "MarceloPlaya"]
[Black "marvinguevara"]
[Result "0-1"]
[WhiteElo "2275"]
[BlackElo "2143"]
[TimeControl "180+1"]
[EndTime "11:09:37 PST"]
[Termination "marvinguevara won on time"]

1. e4 c5 2. Nf3 Nc6 3. d4 cxd4 4.
Nxd4 e5 5. Nb5 a6 6. Nd6+ Bxd6 7. Qxd6 Qf6 8. Qxf6 Nxf6 9. Nc3 Nb4 10. Bd3 d6 11.
Bg5 Nxd3+ 12. cxd3 Be6 13. O-O-O Nd7 14. d4 f6 15. Be3 Ke7 16. f4 Bg4 17. Rd2 Rhd8 18. Rf1 Be6 19. fxe5 dxe5 20. d5 Bf7 21. Na4 b5 22.
Nc5 Rdc8 23. b4 Nb6 24. d6+ Kd8 25. Kb1 Nc4 26. Rd3 Rc6 27. Rfd1 Ra7 28. Ne6+ Bxe6 29. Bxa7 Kd7 30. Bc5 f5 31. Rg3 g6 32. exf5 Bxf5+ 33.
Kc1 a5 34. a3 axb4 35. axb4 Ra6 36. Rdd3 Ra1+ 37. Kc2 Ra2+ 38. Kb3 Ra3+ 39. Kc2 Rxd3 40. Rxd3 Bxd3+ 41. Kxd3 Nxd6 42. Ke3 Ke6 43. g3 Kd5 44. Kf3 Ne4 45. Bf8 Nd2+ 46. Ke3 Nc4+ 47. Kd3 e4+ 48. Ke2 Ne5 49. Be7 Nc6 50. Bf8 Kc4 51. Ke3 Nxb4 52. Kxe4 Nd5 53. Ke5 b4 0-1

[Event "*** Titled Tuesday Blitz"]
[Site "Chess.com"]
[Date "2021.02.02"]
[Round "6"]
[White "m_ezat"]
[Black "CrushingKings"]
[Result "0-1"]
[WhiteElo "2537"]
[BlackElo "2358"]
[TimeControl "180+1"]
[EndTime "11:09:38 PST"]
[Termination "CrushingKings won by checkmate"]

1. d4 Nf6 2. c4 g6 3. Nc3 Bg7 4. e4 d6 5. Be2 Nbd7 6. Bg5 e5 7.
d5 a5 8. f3 Nc5 9. g4 h6 10.
Be3 b6 11. Qd2 Bd7 12. h4 h5 13. g5 Ng8 14. Nh3 Ne7 15. Nf2 a4 16. Nd3 Nc8 17. Kf2 O-O 18. Rab1 Qe7 19. b4 axb3 20. axb3 f5 21.
gxf6 Bxf6 22. b4 Bxh4+ 23. Kg2 Nxd3 24. Bxd3 Ra3 25. Nb5 Bxb5 26. cxb5 g5 27. Rbg1 Qf6 28. Be2 g4 29. Rf1 gxf3+ 30. Rxf3 Qg6+ 31. Kf1 Ra1+ 32.
Qc1 Rxc1+ 33. Bxc1 Qxe4 34. Rg1+ Kh7 35. Rxf8 Ne7 36.
Rf3 Qxd5 37. Rh3 Qf7+ 38. Kg2 Qf2+ 39. Kh1 Qxe2 40. Rxh4 Nf5 41. Rh3 Qe4+ 42. Kh2 h4 43. Rg2 Nd4 44. Rf2 Qg4 45. Be3 Nf5 46. Rg2 Qe4 47. Bg5 d5 48. Bf6 d4 49. Kg1 d3 50.
Rf2 d2 51. Re2 Qxe2 52. Rxh4+ Nxh4 53. Bxh4 d1=Q+ 54. Be1 Qdxe1# 0-1

[Event "*** Titled Tuesday Blitz"]
[Site "Chess.com"]
[Date "2021.02.02"]
[Round "6"]
[White "Korchmar_Vasiliy"]
[Black "EugeneRougon"]
[Result "1-0"]
[WhiteElo "2592"]
[BlackElo "2725"]
[TimeControl "180+1"]
[EndTime "11:09:39 PST"]
[Termination "Korchmar_Vasiliy won on time"]

1. e4 e6 2. d4 d5 3. exd5 exd5 4. Nf3 Nf6 5. Bd3 c5 6. dxc5 Bxc5 7. O-O O-O 8. Nbd2 Nc6 9. Nb3 Bb6 10. h3 Ne4 11. c3 Qf6 12. Nbd4 Nxd4 13. Nxd4 Bc7 14. Qf3 Qe5 15. g3 Bxh3 16. Re1 Rae8 17. Bf4 Qe7 18. Bxc7 Qxc7 19. Bxe4 dxe4 20. Rxe4 Qb6 21. Rxe8 Rxe8 22. g4 Qxb2 23. Rd1 Bxg4 24. Qxg4 Qxc3 25. Nf5 g6 26. Ne3 Qe5 27. Rd7 Qh5 28. Qxh5 gxh5 29. Rxb7 a5 30. Rb5 a4 31. Rxh5 Re4 32. Rg5+ Kf8 33. Rg4 f5 34. Rxe4 fxe4 35. Nd1 Ke7 36. Nc3 a3 37.
Nb1 Ke6 38. Nxa3 Kd5 39. Nc2 Kc4 40. Kg2 Kc3 41. Ne3 Kb4 42. Kg3 Ka3 43. Kf4 Kxa2 44.
Kxe4 Kb3 45. f4 Kb4 46. f5 Kc5 47. Ke5 h5 48. f6 h4 49. f7 h3 50. Nf1 Kb5 51. Nh2 Kc4 52. f8=Q Kd3 53. Qf4 Ke2 54. Kd4 Ke1 55. Kd3 1-0

[Event "*** Titled Tuesday Blitz"]
[Site "Chess.com"]
[Date "2021.02.02"]
[Round "6"]
[White "EmirhanTarlabasi"]
[Black "NaciSAN"]
[Result "1/2-1/2"]
[WhiteElo "2488"]
[BlackElo "2308"]
[TimeControl "180+1"]
[EndTime "11:09:42 PST"]
[Termination "Game drawn by repetition"]

1. e4 e5 2. Nf3 Nc6 3. Bb5 a6 4. Ba4 Nf6 5. O-O Be7 6. Re1 b5 7. Bb3 O-O 8. c3 d5 9. exd5 Nxd5 10. h3 Nf6 11. Nxe5 Nxe5 12. Rxe5 Bd6 13. Re1 Bb7 14. d4 Qd7 15. Nd2 Rae8 16. Nf1 Rxe1 17. Qxe1 Re8 18.
Qd1 Qc6 19. f3 Qd7 20. Bg5 Nd5 21. Qd3 Nf4 22. Bxf4 Bxf4 23. Bc2 g6 24. a4 Kg7 25.
axb5 axb5 26. Kf2 h5 27. Re1 Rxe1 28. Kxe1 h4 29. Qe2 Bd5 30. Bd3 c6 31. Ne3 Be6 32.
Ng4 Qa7 33. Qd1 Qa2 34. Qb1 Qa4 35. Kf2 Bxg4 36. hxg4 Bg3+ 37. Kg1 Qa8 38. Qd1 Qe8 39. Qe2 Qxe2 40. Bxe2 Kf6 41. Bd3 Ke6 42. Kf1 Kd5 43.
Be4+ Kd6 44. Ke2 g5 45. Kd3 f6 46. b3 Bf4 47. Bg6 Bg3 48. Ke4 Be1 49. c4 bxc4 50. bxc4 Bc3 51. Be8 c5 52. dxc5+ Kxc5 53. Bf7 Be5 54.
Kf5 Ba1 55. f4 gxf4 56. Kxf4 Be5+ 57. Kf5 Bc3 58. g5 fxg5 59. Kxg5 Be1 60. Kg4 Bg3 61. Kh5 Be1 62. Kg4 Bg3 63. Kh3 Be1 64. Kg4 1/2-1/2

[Event "*** Titled Tuesday Blitz"]
[Site "Chess.com"]
[Date "2021.02.02"]
[Round "6"]
[White "AlexSuv"]
[Black "annacramling"]
[Result "1-0"]
[WhiteElo "2475"]
[BlackElo "2112"]
[TimeControl "180+1"]
[EndTime "11:09:42 PST"]
[Termination "AlexSuv won by resignation"]

1. d4 Nf6 2. c4 e6 3. Nc3 d5 4. cxd5 exd5 5. Bg5 Be7 6. e3 c6 7. Bd3 O-O 8. Qc2 h6 9. Bh4 Be6 10. Nge2 Nbd7 11. O-O c5 12. Rae1 Rc8 13. Nf4 cxd4 14. exd4 Qb6 15. Nxe6 fxe6 16. Qe2 Bb4 17. Qxe6+ Qxe6 18.
Rxe6 Bxc3 19. bxc3 Rxc3 20. Bg6 Rfc8 21. h3 Nf8 22.
Bf5 Nxe6 23. Bxe6+ Kf8 24. Bxc8 Rxc8 25. Rb1 b6 26. f3 Rc2 27. a3 Ra2 28. Rb3 Rd2 29.
Bf2 Ne8 30. Be3 Rc2 31. Bf4 Kf7 32. Be5 Nc7 33. h4 Ne6 34. h5 Rc4 35. Rd3 Ra4 36. g4 a5 37. Kg2 b5 38. Kg3 b4 39. axb4 axb4 40. Rb3 Nd8 41. Bd6 Nc6 42. Bc5 Ra3 43. Rb1 Ra4 44. Kf4 Ke6 45. Re1+ Kf6 46. Rb1 b3 47.
Ke3 Na5 48. Kd3 Nb7 49. Rxb3 Nxc5+ 50. dxc5 Rc4 51. Rc3 Rf4 52. Ke2 Ke7 53. c6 Kd8 54.
c7+ Kc8 55. Rc5 d4 56. Kf2 Rf7 57. Rc4 Rf4 58. Kg3 Rf7 59. Rxd4 Kxc7 60. f4 Kc6 61. g5 Kc5 62. Rd8 hxg5 63. fxg5 Rf5 64. Kg4 Rf7 65. h6 gxh6 66. gxh6 Rh7 67. Kg5 Kc6 68. Kg6 Re7 69. h7 Re6+ 70. Kf5 Rh6 71. h8=Q 1-0

[Event "*** Titled Tuesday Blitz"]
[Site "Chess.com"]
[Date "2021.02.02"]
[Round "6"]
[White "MartinMatthiesen"]
[Black "yobdc"]
[Result "1-0"]
[WhiteElo "2351"]
[BlackElo "2496"]
[TimeControl "180+1"]
[EndTime "11:09:43 PST"]
[Termination "MartinMatthiesen won on time"]

1. d4 Nf6 2. c4 d6 3. Nf3 g6 4. Nc3 Bf5 5. d5 Bg7 6. Nd4 Bc8 7. e4 O-O 8. Be2 c5 9. Nf3 b5 10. cxb5 a6 11. a4 axb5 12. Bxb5 Ba6 13. Ra3 Ng4 14. O-O Nd7 15. Qe2 Bxb5 16. Nxb5 Qa5 17. Nd2 Qa6 18.
Qxg4 Nb6 19. b3 Rfc8 20. Nc4 Nxc4 21. bxc4 Qa5 22. Qe2 Qb4 23. Bd2 Qb2 24. Qd1 Rcb8 25. Qc1 Qe5 26. Qc2 Rb7 27. Rb1 h5 28. a5 Ra6 29. Bc3 Qf4 30. Bxg7 Kxg7 31. h3 f6 32. Nc3 Rba7 33. Rb5 h4 34. Nd1 Kf7 35. Ne3 Qe5 36. Qb1 Qd4 37. Rb7 Ra8 38. Rb5 Qd2 39. Ra2 Qd4 40.
Rb7 Rxa5 41. Rxa5 Rxa5 42. Rxe7+ Kxe7 43. Qb7+ Kf8 44. Qc8+ Kg7 45. Qc7+ Kh6 46. Qxa5 Qxe4 47. Qd8 Kg5 48. Qxd6 f5 49. Qd8+ Kh5 50. d6 Qb1+ 51. Kh2 Qe1 52. Qe7 Qxf2 53. Qe5 g5 54. Nxf5 1-0

[Event "*** Titled Tuesday Blitz"]
[Site "Chess.com"]
[Date "2021.02.02"]
[Round "6"]
[White "SHIVACalypso"]
[Black "andriipalchuk"]
[Result "1-0"]
[WhiteElo "2387"]
[BlackElo "2580"]
[TimeControl "180+1"]
[EndTime "11:09:46 PST"]
[Termination "SHIVACalypso won on time"]

1. Nf3 Nf6 2. c4 e6 3. g3 d5 4.
Bg2 dxc4 5. Qa4+ Nbd7 6. Qxc4 a6 7. O-O b5 8. Qc2 Bb7 9. b3 c5 10. Bb2 Be7 11. d3 O-O 12. Nbd2 Rc8 13. Rac1 Qb6 14.
Qb1 Rfd8 15. Qa1 Bf8 16. a3 Qa7 17. Ne5 Bxg2 18. Kxg2 Qb7+ 19. Ndf3 Nxe5 20. Bxe5 Nd5 21. Rc2 f6 22. Bb2 e5 23. Rfc1 Nb6 24. Bc3 Re8 25. Ba5 Nd7 26. b4 e4 27. dxe4 c4 28. a4 Qxe4 29.
axb5 axb5 30. Qd4 Qxd4 31. Nxd4 Re5 32. e3 Kf7 33. Rd1 Ke8 34. Nf3 Re7 35. Rd5 Rb8 36. Nd4 Re5 37. e4 Rxd5 38. exd5 Bd6 39. Re2+ Kf7 40. Re6 Bf8 41. Rc6 Ne5 42. Rc7+ Kg6 43. Ne6 Nf7 44. Nxf8+ Rxf8 45. Rb7 Nd6 46. Rd7 Nf5 47. Rc7 Re8 48. Rc5 Re2 49. Rxb5 c3 50. Rc5 c2 51. b5 Nd4 52. d6 Nb3 53. Rxc2 Rxc2 54. d7 Nxa5 55. d8=Q Nc4 56. Qd3+ 1-0

[Event "*** Titled Tuesday Blitz"]
[Site "Chess.com"]
[Date "2021.02.02"]
[Round "6"]
[White "AsaHoffmann"]
[Black "ClauSanLuis"]
[Result "1-0"]
[WhiteElo "2351"]
[BlackElo "2150"]
[TimeControl "180+1"]
[EndTime "11:09:46 PST"]
[Termination "AsaHoffmann won by checkmate"]

1. d4 Nf6 2. Bg5 g6 3. Nc3 Bg7 4. e4 d6 5. f3 h6 6. Be3 c6 7.
Qd2 b5 8. a4 b4 9. Nd1 a5 10. c3 Qb6 11. Bd3 Nbd7 12. Ne2 Ba6 13. c4 h5 14. e5 Nh7 15. e6 Ndf6 16. exf7+ Kxf7 17. Nf4 Nf8 18. Qc2 Rh6 19. O-O b3 20.
Qd2 Rh8 21. Nc3 Qb4 22. Qe2 Re8 23. Rfe1 e5 24. dxe5 dxe5 25. Nh3 Ne6 26. Bd2 Qc5+ 27. Be3 Nd4 28. Ng5+ Kg8 29. Qf2 Bxc4 30. Bxg6 Re7 31. Rac1 Nd5 32. Nce4 Qb4 33. Qh4 Nc2 34. Bc5 Qb7 35.
Bxe7 Nxe7 36. Red1 Nxg6 37. Qg3 Qe7 38. h4 Nf4 39. Kh2 Ne2 40. Qf2 Nxc1 41. Rxc1 Bd3 42. Rd1 Bxe4 43. fxe4 Bf6 44. Rf1 Bxg5 45. hxg5 Nd4 46.
Qf6 Qxf6 47. gxf6 Kf7 48. Rc1 Rg8 49. Rc5 Re8 50. Rxa5 Kxf6 51. Ra7 Re6 52. a5 Re7 53. Ra8 Ra7 54. Rxa7 Ne6 55. a6 Ng5 56. Rb7 Nxe4 57. a7 Nf2 58. a8=Q Ng4+ 59. Kg3 Nh2 60. Kxh2 h4 61. Qf8+ Kg5 62. Rg7+ Kh6 63. Qh8# 1-0

[Event "*** Titled Tuesday Blitz"]
[Site "Chess.com"]
[Date "2021.02.02"]
[Round "6"]
[White "Artyom_ChessMate"]
[Black "PavelChernomordik"]
[Result "1-0"]
[WhiteElo "2561"]
[BlackElo "2382"]
[TimeControl "180+1"]
[EndTime "11:09:47 PST"]
[Termination "Artyom_ChessMate won on time"]

1. e4 g6 2. Nc3 Bg7 3. Bc4 e6 4. h4 h6 5. h5 g5 6. d3 Ne7 7. Bb3 d5 8. f4 gxf4 9. Bxf4 e5 10.
Bd2 c6 11. Qe2 Na6 12. Nf3 Bg4 13. exd5 cxd5 14. Rh4 f5 15. Rxg4 fxg4 16. Nxe5 Qd6 17.
Ba4+ Kf8 18. Qf2+ Bf6 19. Nxg4 Kg7 20. O-O-O Raf8 21. Nxf6 Rxf6 22. Qxa7 Nc5 23. Nb5 Qb6 24. Qxb6 Rxb6 25. Bc3+ Kh7 26. b3 Ra8 27. Bd4 Nxa4 28.
bxa4 Rc6 29. Rf1 Kg8 30. Nc3 Rf8 31. Re1 Nf5 32. Be5 d4 33. Nd5 Rc5 34. Nf6+ Kf7 35. g4 Ne3 36. Bxd4 Nxc2 37. Bxc5 Nxe1 38. Bxf8 Kxf8 39.
Kd2 Nf3+ 40. Ke3 Ne5 41. d4 Nc4+ 42. Kf4 Nb6 43. a5 Nc4 44. d5 Kf7 45. g5 hxg5+ 46. Kxg5 Nxa5 47. d6 Nc6 48. d7 Nd8 49. h6 Ne6+ 50.
Kf5 Nd4+ 51. Ke4 Ne6 52. h7 Kg7 53. Ke5 Nd8 54. Kd6 1-0

[Event "*** Titled Tuesday Blitz"]
[Site "Chess.com"]
[Date "2021.02.02"]
[Round "6"]
[White "djano"]
[Black "Witik"]
[Result "0-1"]
[WhiteElo "2468"]
[BlackElo "2762"]
[TimeControl "180+1"]
[EndTime "11:09:47 PST"]
[Termination "Witik won by resignation"]

1. Nf3 d5 2. d4 e6 3. Bf4 Bd6 4. e3 Bxf4 5. exf4 c5 6. dxc5 Qc7 7.
g3 Qxc5 8. Nbd2 Nc6 9. c4 Nf6 10. Rc1 O-O 11. cxd5 Qxd5 12. Bc4 Qh5 13. Qe2 Rd8 14.
O-O Bd7 15. Kg2 Na5 16. Ne5 Qxe2 17. Bxe2 Be8 18. Ndf3 Nd5 19. a3 Rac8 20. Rfd1 f6 21. Nd3 Nb3 22. Rxc8 Rxc8 23. Nd2 Nd4 24. Bf3 Rc2 25.
Bxd5 exd5 26. Nf3 Nb3 27. Nfe1 Rc8 28. Nb4 d4 29. f3 Bg6 30. g4 a5 31. Nbd3 b6 32. f5 Bf7 33. Kf2 Bd5 34. Nf4 Bc4 35. Nfd3 Bxd3 36. Rxd3 a4 37. Rd1 Kf7 38. Ke2 Ke7 39. Kd3 Kd6 40. Nc2 Kc5 41. Re1 Rc7 42. Re6 Rd7 43. Nb4 Kb5 44. Re8 Nc5+ 45. Kd2 d3 46.
Re1 Nb3+ 47. Kd1 d2 48. Re3 Rc7 49. Rc3 Re7 50. Nd3 Ka6 51. Kc2 Re1 52. Rxb3 d1=Q+ 53. Kc3 Qxb3+ 0-1

[Event "*** Titled Tuesday Blitz"]
[Site "Chess.com"]
[Date "2021.02.02"]
[Round "6"]
[White "gilbert_gm"]
[Black "Andrakhanova"]
[Result "1-0"]
[WhiteElo "2538"]
[BlackElo "2286"]
[TimeControl "180+1"]
[EndTime "11:09:48 PST"]
[Termination "gilbert_gm won on time"]

1. d4 d5 2. c4 e6 3. Nc3 c6 4. e4 dxe4 5. Nxe4 Bb4+ 6. Nc3 c5 7. a3 cxd4 8. axb4 dxc3 9. Qxd8+ Kxd8 10. bxc3 Nf6 11. Be3 Nbd7 12. Nf3 b6 13. Be2 Bb7 14.
O-O h6 15. Nd4 Ne4 16. Bf3 Ndf6 17. Nb5 Ke7 18. Nxa7 Rhb8 19. Bxb6 Nxc3 20. Bxb7 Rxb7 21. Nc6+ Kd6 22. Rxa8 Ne2+ 23. Kh1 Kxc6 24. c5 Nd5 25.
Rc8+ Kb5 26. Ba5 Nec3 27. g3 Nxb4 28. Bxb4 Kxb4 29. c6 Ra7 30. Rb8+ Kc4 31. Rb7 Ra6 32. Rxf7 Rxc6 33. Rxg7 e5 34. Rg4+ Kd3 35. Kg2 e4 36.
Re1 Ra6 37. Re3+ Kd4 38. Rxc3 Kxc3 39. Rxe4 Kd3 40. Re3+ Kd4 41. h4 Rb6 42. Re8 Kd5 43.
h5 Kd4 44. f3 Rb2+ 45. Kh3 Rb3 46. Kg4 Rb5 47. Re6 Rg5+ 48. Kh4 Rf5 49. f4 Rf8 50. Rxh6 Ke4 51. Kg4 Rg8+ 52. Rg6 Re8 53. h6 Rh8 54. Kg5 Kf3 55. g4 Kg3 56. f5 Ra8 57. Rb6 Rg8+ 58.
Rg6 Ra8 59. h7 Rh8 60. Kh6 Kh4 61. g5 1-0

[Event "*** Titled Tuesday Blitz"]
[Site "Chess.com"]
[Date "2021.02.02"]
[Round "6"]
[White "boasovietica"]
[Black "QuintilianoR"]
[Result "1/2-1/2"]
[WhiteElo "2509"]
[BlackElo "2701"]
[TimeControl "180+1"]
[EndTime "11:09:52 PST"]
[Termination "Game drawn - insufficient material"]

1. c4 e5 2. g3 Nf6 3. Bg2 d5 4. cxd5 Nxd5 5. Nf3 Nc6 6. d4 Bb4+ 7. Bd2 e4 8. Ne5 e3 9. Bxb4 exf2+ 10. Kxf2 Ndxb4 11. Nxc6 Nxc6 12. e3 O-O 13. Nc3 Re8 14. Qf3 Nxd4 15. exd4 Qxd4+ 16. Kf1 Qc4+ 17. Kf2 Bg4 18. Qf4 Qc5+ 19.
Kf1 Be6 20. Be4 Bh3+ 21. Bg2 Qc6 22. Qf2 Rad8 23. Kg1 Bxg2 24. Qxg2 Qb6+ 25. Qf2 Qxf2+ 26. Kxf2 Rd2+ 27. Kf3 Rxb2 28. Rhe1 Rxe1 29. Rxe1 Kf8 30. Re2 Rb4 31. Nd5 Rc4 32. Re4 Rc5 33. Ne3 c6 34. Rd4 Ke7 35. Re4+ Kd7 36. Rd4+ Kc7 37. Rh4 h6 38. Rg4 g5 39. h4 f5 40. Rd4 a5 41.
hxg5 hxg5 42. Nc4 b6 43. Ne3 f4 44. gxf4 gxf4 45. Kxf4 Rc3 46. Ke4 Ra3 47. Rd2 b5 48.
Kd4 Kb6 49. Nf5 Rf3 50. Ne3 Rf4+ 51. Kd3 a4 52. a3 Ka5 53. Rc2 Kb6 54. Kc3 Re4 55. Kd3 Re7 56. Nd1 Rd7+ 57. Ke2 c5 58. Nc3 Rd4 59. Rb2 b4 60. Nxa4+ Kb5 61. axb4 Kxa4 62. bxc5 Rc4 63. Kd3 Rxc5 64. Rc2 Rxc2 65.
Kxc2 1/2-1/2

[Event "*** Titled Tuesday Blitz"]
[Site "Chess.com"]
[Date "2021.02.02"]
[Round "6"]
[White "chessdjw"]
[Black "GCamachoMartinez"]
[Result "1-0"]
[WhiteElo "2587"]
[BlackElo "2424"]
[TimeControl "180+1"]
[EndTime "11:09:52 PST"]
[Termination "chessdjw won on time"]

1. d4 Nf6 2. Bf4 g6 3. Nc3 d5 4. e3 Bg7 5. Nb5 Na6 6. Be2 O-O 7. h4 c6 8. Na3 Nc7 9. h5 Ne6 10.
Be5 c5 11. c3 a6 12. Nc2 b5 13.
dxc5 Nxc5 14. hxg6 hxg6 15. Nb4 Bb7 16. Bf3 Ncd7 17.
Bg3 e6 18. Nh3 a5 19. Nd3 Ne4 20. Bf4 b4 21. cxb4 axb4 22. O-O Qb6 23. Bxe4 dxe4 24. Nxb4 Qxb4 25. Qxd7 Rfd8 26. a3 Qxb2 27. Qc7 Rac8 28. Qa5 Qxa1 29. Rxa1 Bxa1 30. Ng5 Rd7 31. Qb6 Bd5 32.
a4 Kg7 33. a5 Rb7 34. Qd6 Rc6 35. Be5+ Bxe5 36. Qxe5+ Kg8 37. g4 Rc1+ 38. Kg2 Rc6 39. Qh2 Ra6 40. Qh7+ Kf8 41. Qh8+ Ke7 42. Qg7 Ke8 43.
Qg8+ Ke7 44. Qxf7+ Kd6 45. Qf8+ Kc6 46. Nf7 Kb5 47.
Nd6+ Kxa5 48. Nxb7+ Bxb7 49. Qc5+ Ka4 50. Kg3 Bd5 51. Kf4 Rc6 52. Qd4+ Rc4 53. Qa7+ Kb3 54. Kg5 Kc3 55. Kxg6 Kd3 56. g5 Ke2 57. Kf6 Kxf2 58.
g6 Rc8 59. g7 e5 60. Qe7 1-0

[Event "*** Titled Tuesday Blitz"]
[Site "Chess.com"]
[Date "2021.02.02"]
[Round "6"]
[White "Fortitudine"]
[Black "zeitnot2006"]
[Result "0-1"]
[WhiteElo "2353"]
[BlackElo "2548"]
[TimeControl "180+1"]
[EndTime "11:09:54 PST"]
[Termination "zeitnot2006 won by resignation"]

1. c4 b6 2. e4 Bb7 3. Nc3 c5 4. d3 g6 5. g3 h5 6. h4 Bg7 7. Nge2 d6 8. Be3 Nc6 9. d4 Nf6 10. f3 cxd4 11. Nxd4 Nxd4 12. Bxd4 Rc8 13. Rc1 e5 14.
Be3 a6 15. Qd2 Qc7 16. b3 O-O 17. Bh3 Rcd8 18. Nd5 Bxd5 19. cxd5 Qb7 20. Rc6 b5 21. O-O Ne8 22. Rfc1 f5 23. Bg5 Ra8 24. Kg2 Kh7 25. R1c2 fxe4 26. fxe4 Qf7 27. Qe3 Qf1+ 28. Kh2 Qd1 29.
Rf2 Rxf2+ 30. Qxf2 Kg8 31. Be6+ Kh7 32. Rc8 Rxc8 33. Bxc8 Qb1 34. Qe2 Qa1 35. Bxa6 Nc7 36. Bc8 b4 37. Be6 Qd4 38. Bd8 Ne8 39. Bf7 Nf6 40.
Bxf6 Bxf6 41. Be6 Kg7 42. Qf3 Qb2+ 43. Qg2 Qd4 44. Qc2 Be7 45. Bh3 Kh7 46. Qe2 Kg7 47.
Bg2 Bd8 48. Kh3 Bb6 49. Qb5 Bc5 50. Qd7+ Kh6 51. Qf7 Qg1 52. Qf8+ Kh7 53. Qf7+ Kh6 54. Qf6 Kh7 55. Qe7+ Kh6 56. Qg5+ Kh7 57. g4 hxg4+ 58.
Qxg4 Qf2 59. Qd7+ Kh6 60. Qg4 Qe3+ 61. Qf3 Qd2 62. Qg3 Qxa2 63. Qg5+ Kh7 64. Qe7+ Kh6 65. Qg5+ Kh7 66. h5 gxh5 67. Qxh5+ Kg7 68. Qg5+ Kf7 69.
Kh4 Qxb3 70. Bf3 Qxf3 71. Qd8 Qxe4+ 72. Kh5 Qf5+ 73. Kh4 Qf6+ 74. Qxf6+ Kxf6 0-1

[Event "*** Titled Tuesday Blitz"]
[Site "Chess.com"]
[Date "2021.02.02"]
[Round "6"]
[White "woodhy"]
[Black "davigator"]
[Result "0-1"]
[WhiteElo "2455"]
[BlackElo "2329"]
[TimeControl "180+1"]
[EndTime "11:09:54 PST"]
[Termination "davigator won on time"]

1. e4 c5 2. Nf3 Nc6 3. d4 cxd4 4. Nxd4 Nf6 5. Nc3 d6 6. Bg5 a6 7.
Qd2 e6 8. Be2 Bd7 9. O-O Be7 10.
Rad1 O-O 11. f4 Qc7 12. Kh1 Rad8 13. f5 Nxd4 14. Qxd4 e5 15. Qe3 Bc6 16. Bxf6 Bxf6 17. Bc4 b5 18. Bd5 b4 19. Ne2 Bxd5 20. Rxd5 Qxc2 21.
Rd2 Qc5 22. Qf3 a5 23. Rfd1 Bg5 24. Rd3 Qc2 25. f6 Bxf6 26. R3d2 Qc4 27. Ng3 Bg5 28.
Rd5 Qxa2 29. b3 Qc2 30. Nf5 g6 31. Nxd6 Be7 32. Nc4 Rxd5 33. exd5 f5 34. d6 e4 35. Qf1 Bf6 36. Nxa5 e3 37. Qe1 e2 38. Rd2 Qc5 39.
Nc4 Bc3 40. Qxe2 Bxd2 41. Qxd2 Re8 42. d7 Rd8 43. h3 Qe7 44. Qd5+ Kg7 45. Ne5 Kh6 46.
Qd2+ Kg7 47. Qd4 Qf6 48. Qd5 h5 49. Nc6 Rxd7 50. Qxd7+ Kh6 51. Qd4 Qe6 52. Ne5 Qxb3 53. Qf4+ Kg7 54. Kh2 Qc3 55. Qg3 Kf6 56. Qxg6+ Kxe5 57. Qg7+ Ke4 58. Qe7+ Qe5+ 59. Qxe5+ Kxe5 60. g4 b3 61. gxh5 Kf6 62. h6 Kg6 63. h7 Kxh7 0-1

[Event "*** Titled Tuesday Blitz"]
[Site "Chess.com"]
[Date "2021.02.02"]
[Round "6"]
[White "ybruned"]
[Black "MuhittinBuker"]
[Result "1-0"]
[WhiteElo "2314"]
[BlackElo "2133"]
[TimeControl "180+1"]
[EndTime "11:09:54 PST"]
[Termination "ybruned won on time"]

1. b3 d5 2. Bb2 c5 3. e3 Nc6 4.
Bb5 Bd7 5. Nf3 Nf6 6. O-O e6 7.
Bxc6 Bxc6 8. Ne5 Bd6 9. Nxc6 bxc6 10. f4 O-O 11. d3 Qe7 12. Nd2 e5 13. f5 e4 14.
Bxf6 Qxf6 15. dxe4 Qe5 16. g3 Rfe8 17. Qe2 Rad8 18.
c4 dxe4 19. Rad1 Be7 20. Qg2 Bf6 21. Nxe4 Qxe4 22. Rxd8 Bxd8 23. Qxe4 Rxe4 24. Kf2 Bf6 25. Rd1 g6 26. fxg6 hxg6 27. Kf3 Re7 28. Rd8+ Kg7 29. Rc8 Bg5 30. e4 Rd7 31. Rxc6 Be7 32. Ke2 Kf8 33. Ke3 Ke8 34. Rc8+ Rd8 35. Rc7 Ra8 36.
Rb7 Kd8 37. e5 a5 38. Ke4 a4 39. e6 fxe6 40. Ke5 Ra6 41. h4 Ke8 42. Rb8+ Kf7 43.
Rb7 axb3 44. axb3 Ra2 45. g4 Re2+ 46. Kf4 Kf6 47. g5+ Kf7 48. h5 1-0